[ AOE2 MATCH · #505694698 ]
UnrankedMaya vs Celts
Player's team · WIN
Rival team · LOSS
[ REPLAY ANALYSIS · EXTRACTED FROM THE RECORDED GAME ]
Feudal
9:17
Castle
20:33
Imperial
—
| APM avg | 44.8 |
| APM peak | 92 |
| eAPM avg | 22.4 |
| Villagers / military | 74 / 58 |
Focus
⚔️ 23.3% · 🌾 76.7%
Archer ×51 · Eagle Scout ×4 · Mangonel ×3 · Trade Cart ×1
Feudal
11:02
Castle
18:44
Imperial
—
| APM avg | 63.1 |
| APM peak | 113 |
| eAPM avg | 29.6 |
| Villagers / military | 101 / 42 |
Focus
⚔️ 24.9% · 🌾 75.1%
Skirmisher ×18 · Archer ×16 · Mangonel ×5 · Militia ×3
Match map
Initial resources + every placement click. Lines = walls · curves = elevation contours. ◆ gold · ⬟ stone · ● berries · ✦ relic · ◌ wall gap
Your base· ✓ Closed at 20:33 · 48t walls · 1 gate(s)
mil0's base· ✓ Closed at 18:44 · 53t walls · no gate
Smoothed initial terrain · ◌ = detected wall gap · hover for details
Inputs per minute
— Mataku - - mil0
Build order — Mataku
First 150 of 223 actions detected
| 0:00 | Research | Loom |
| 0:00 | Research | Loom |
| 0:02 | Build | House |
| 0:03 | Build | House |
| 0:11 | Queue | Villager (Male) |
| 0:11 | Queue | Villager (Male) |
| 0:11 | Queue | Villager (Male) |
| 1:28 | Queue | Villager (Male) |
| 1:43 | Build | Lumber Camp |
| 2:00 | Queue | Villager (Male) |
| 2:09 | Queue | Villager (Male) |
| 2:52 | Queue | Villager (Male) |
| 3:03 | Queue | Villager (Male) |
| 3:38 | Queue | Villager (Male) |
| 3:39 | Queue | Villager (Male) |
| 3:53 | Build | House |
| 4:09 | Queue | Villager (Male) |
| 4:49 | Queue | Villager (Male) |
| 5:05 | Build | Mill |
| 5:11 | Queue | Villager (Male) |
| 5:29 | Build | House |
| 5:32 | Build | House |
| 5:40 | Queue | Villager (Male) |
| 5:40 | Queue | Villager (Male) |
| 6:03 | Build | Palisade Wall |
| 6:10 | Build | Palisade Wall |
| 6:28 | Queue | Villager (Male) |
| 7:07 | Research | Feudal Age |
| 7:44 | Build | House |
| 7:46 | Build | Palisade Wall |
| 7:52 | Build | House |
| 8:04 | Build | House |
| 8:05 | Build | Palisade Wall |
| 8:08 | Queue | Villager (Male) |
| 8:19 | Build | House |
| 8:24 | Build | House |
| 8:29 | Build | House |
| 8:50 | Build | Palisade Wall |
| 8:54 | Build | Mining Camp |
| 9:17 | Age | Feudal Age |
| 9:28 | Queue | Villager (Male) |
| 9:42 | Build | Palisade Wall |
| 9:45 | Build | Palisade Wall |
| 9:47 | Build | Palisade Wall |
| 9:50 | Build | Barracks |
| 10:09 | Research | Double-Bit Axe |
| 10:11 | Queue | Villager (Male) |
| 10:11 | Queue | Villager (Male) |
| 10:26 | Queue | Villager (Male) |
| 11:03 | Build | Archery Range |
| 11:17 | Build | Palisade Wall |
| 11:41 | Build | House |
| 11:44 | Build | Palisade Wall |
| 11:48 | Queue | Villager (Male) |
| 11:57 | Build | Farm |
| 11:58 | Build | Farm |
| 11:59 | Build | Farm |
| 12:04 | Build | Farm |
| 12:06 | Queue | Archer |
| 12:25 | Queue | Archer |
| 12:25 | Queue | Villager (Male) |
| 12:39 | Build | Market |
| 12:52 | Queue | Villager (Male) |
| 13:00 | Build | Farm |
| 13:08 | Queue | Archer |
| 13:18 | Queue | Villager (Male) |
| 13:18 | Queue | Villager (Male) |
| 13:21 | Queue | Archer |
| 13:34 | Build | Palisade Gate |
| 13:36 | Queue | Villager (Male) |
| 13:54 | Build | Farm |
| 13:55 | Queue | Villager (Male) |
| 14:04 | Queue | Eagle Scout |
| 14:04 | Queue | Eagle Scout |
| 14:07 | Queue | Archer |
| 14:16 | Build | Blacksmith |
| 14:18 | Queue | Villager (Male) |
| 14:34 | Build | Farm |
| 14:40 | Build | Farm |
| 14:43 | Queue | Villager (Male) |
| 14:53 | Queue | Archer |
| 14:55 | Queue | Villager (Male) |
| 14:55 | Queue | Villager (Male) |
| 15:37 | Research | Fletching |
| 15:39 | Queue | Villager (Male) |
| 15:44 | Build | Farm |
| 15:45 | Build | Farm |
| 15:46 | Build | Farm |
| 16:06 | Build | Farm |
| 16:11 | Queue | Villager (Male) |
| 16:15 | Queue | Archer |
| 16:15 | Queue | Archer |
| 16:39 | Queue | Archer |
| 16:40 | Queue | Villager (Male) |
| 16:43 | Build | Farm |
| 17:15 | Queue | Eagle Scout |
| 17:15 | Queue | Eagle Scout |
| 17:52 | Research | Castle Age |
| 18:01 | Queue | Archer |
| 18:29 | Build | Archery Range |
| 18:46 | Queue | Archer |
| 18:48 | Research | Gold Mining |
| 18:59 | Build | House |
| 19:00 | Build | House |
| 19:03 | Build | House |
| 19:06 | Build | House |
| 19:07 | Build | Palisade Wall |
| 19:13 | Queue | Archer |
| 19:13 | Queue | Archer |
| 19:24 | Queue | Archer |
| 19:27 | Queue | Trade Cart |
| 19:42 | Queue | Archer |
| 19:42 | Queue | Archer |
| 19:50 | Build | House |
| 19:56 | Build | House |
| 19:58 | Build | House |
| 20:06 | Queue | Archer |
| 20:07 | Queue | Archer |
| 20:10 | Queue | Villager (Male) |
| 20:10 | Queue | Villager (Male) |
| 20:12 | Build | House |
| 20:33 | Age | Castle Age |
| 20:36 | Research | Crossbowman (upgrade) |
| 20:43 | Build | University |
| 20:48 | Research | Bodkin Arrow |
| 20:49 | Research | Padded Archer Armor |
| 21:01 | Queue | Archer |
| 21:02 | Queue | Archer |
| 21:03 | Queue | Villager (Male) |
| 21:03 | Queue | Villager (Male) |
| 21:20 | Queue | Archer |
| 21:24 | Queue | Villager (Male) |
| 21:24 | Queue | Villager (Male) |
| 21:41 | Queue | Archer |
| 21:45 | Build | Market |
| 21:48 | Queue | Villager (Male) |
| 21:48 | Queue | Villager (Male) |
| 22:14 | Queue | Villager (Male) |
| 22:23 | Queue | Archer |
| 22:24 | Queue | Archer |
| 22:24 | Queue | Archer |
| 22:33 | Queue | Villager (Male) |
| 23:00 | Research | Ballistics |
| 23:07 | Queue | Villager (Male) |
| 23:07 | Queue | Villager (Male) |
| 23:44 | Build | Town Center |
| 23:45 | Queue | Villager (Male) |
| 23:53 | Queue | Villager (Male) |
| 24:03 | Build | House |
| 24:04 | Build | House |
Build order — mil0
First 150 of 239 actions detected
| 0:00 | Queue | Villager (Male) |
| 0:00 | Queue | Villager (Male) |
| 0:01 | Queue | Villager (Male) |
| 0:02 | Build | House |
| 0:04 | Build | House |
| 0:07 | Queue | Villager (Male) |
| 1:25 | Queue | Villager (Male) |
| 1:49 | Queue | Villager (Male) |
| 2:02 | Build | Lumber Camp |
| 2:23 | Queue | Villager (Male) |
| 2:50 | Queue | Villager (Male) |
| 2:53 | Queue | Villager (Male) |
| 3:29 | Queue | Villager (Male) |
| 3:50 | Build | House |
| 4:00 | Queue | Villager (Male) |
| 4:25 | Build | Barracks |
| 4:29 | Queue | Villager (Male) |
| 4:53 | Queue | Villager (Male) |
| 5:12 | Build | House |
| 5:17 | Queue | Villager (Male) |
| 5:22 | Queue | Militia |
| 5:23 | Queue | Militia |
| 5:29 | Build | House |
| 5:30 | Queue | Villager (Male) |
| 6:01 | Queue | Militia |
| 6:13 | Queue | Villager (Male) |
| 6:20 | Build | Mill |
| 6:36 | Queue | Villager (Male) |
| 6:57 | Queue | Villager (Male) |
| 6:57 | Queue | Villager (Male) |
| 7:00 | Research | Loom |
| 7:36 | Build | Lumber Camp |
| 8:03 | Queue | Villager (Male) |
| 8:14 | Queue | Villager (Male) |
| 8:50 | Build | Mining Camp |
| 8:52 | Research | Feudal Age |
| 9:26 | Build | Palisade Wall |
| 9:35 | Queue | Villager (Male) |
| 9:39 | Build | Palisade Wall |
| 9:45 | Queue | Villager (Male) |
| 9:53 | Build | Palisade Wall |
| 9:57 | Queue | Villager (Male) |
| 10:32 | Build | House |
| 10:49 | Queue | Villager (Male) |
| 11:02 | Age | Feudal Age |
| 11:09 | Build | Archery Range |
| 11:11 | Build | Palisade Wall |
| 11:18 | Research | Double-Bit Axe |
| 11:18 | Research | Horse Collar |
| 11:52 | Queue | Villager (Male) |
| 11:57 | Build | Market |
| 12:00 | Build | Farm |
| 12:01 | Build | Farm |
| 12:06 | Build | Palisade Wall |
| 12:11 | Build | Palisade Wall |
| 12:16 | Build | Farm |
| 12:18 | Queue | Archer |
| 12:19 | Queue | Skirmisher ×4 |
| 12:21 | Queue | Archer |
| 12:25 | Queue | Villager (Male) |
| 12:39 | Build | House |
| 12:40 | Queue | Villager (Male) |
| 12:46 | Build | Farm |
| 12:48 | Build | Farm |
| 12:56 | Build | Farm |
| 12:57 | Queue | Villager (Male) |
| 13:04 | Queue | Archer |
| 13:08 | Build | House |
| 13:23 | Build | Farm |
| 13:29 | Queue | Villager (Male) |
| 13:37 | Build | Blacksmith |
| 13:40 | Queue | Archer |
| 13:42 | Queue | Villager (Male) |
| 13:55 | Build | Farm |
| 14:16 | Queue | Villager (Male) |
| 14:18 | Build | Farm |
| 14:22 | Build | House |
| 14:30 | Build | Farm |
| 14:35 | Queue | Archer |
| 14:46 | Build | Farm |
| 14:52 | Queue | Villager (Male) |
| 15:14 | Queue | Villager (Male) |
| 15:15 | Queue | Archer |
| 15:17 | Build | Farm |
| 15:21 | Build | House |
| 15:30 | Build | Farm |
| 15:56 | Build | Palisade Wall |
| 16:04 | Research | Castle Age |
| 16:07 | Build | House |
| 16:11 | Build | Farm |
| 16:25 | Queue | Archer |
| 16:37 | Queue | Archer |
| 16:52 | Build | House |
| 16:56 | Build | Palisade Wall |
| 17:04 | Research | Fletching |
| 17:05 | Research | Padded Archer Armor |
| 17:25 | Research | Gold Mining |
| 17:25 | Research | Gold Mining |
| 17:34 | Queue | Archer |
| 17:51 | Queue | Archer |
| 17:58 | Build | House |
| 18:08 | Build | House |
| 18:12 | Build | House |
| 18:42 | Queue | Archer |
| 18:44 | Age | Castle Age |
| 18:46 | Research | Crossbowman (upgrade) |
| 18:48 | Research | Bodkin Arrow |
| 18:49 | Research | Bow Saw |
| 18:49 | Research | Bow Saw |
| 18:50 | Queue | Villager (Male) |
| 19:11 | Research | Crossbowman (upgrade) |
| 19:17 | Build | House |
| 19:23 | Build | Farm |
| 19:36 | Queue | Archer |
| 19:38 | Queue | Villager (Male) |
| 19:41 | Queue | Archer |
| 19:46 | Queue | Archer |
| 19:49 | Build | House |
| 20:00 | Queue | Villager (Male) |
| 20:22 | Queue | Villager (Male) |
| 20:24 | Queue | Archer |
| 20:54 | Build | Town Center |
| 20:57 | Queue | Archer |
| 21:04 | Queue | Villager (Male) |
| 21:04 | Queue | Villager (Male) |
| 21:06 | Queue | Villager (Male) |
| 21:13 | Queue | Villager (Male) |
| 21:16 | Build | House |
| 21:26 | Queue | Villager (Male) |
| 21:30 | Build | Siege Workshop |
| 21:39 | Queue | Villager (Male) |
| 22:03 | Queue | Villager (Male) |
| 22:04 | Queue | Villager (Male) |
| 22:04 | Queue | Villager (Male) |
| 22:13 | Queue | Mangonel |
| 22:31 | Queue | Villager (Male) |
| 22:36 | Build | House |
| 22:44 | Research | Town Watch |
| 22:51 | Queue | Villager (Male) |
| 22:52 | Queue | Villager (Male) |
| 23:02 | Build | Town Center |
| 23:04 | Build | House |
| 23:06 | Build | Farm |
| 23:19 | Build | Mining Camp |
| 23:33 | Queue | Villager (Male) |
| 23:33 | Queue | Villager (Male) |
| 23:33 | Queue | Villager (Male) |
| 23:43 | Queue | Villager (Male) |
| 23:47 | Queue | Villager (Male) |
| 24:00 | Queue | Mangonel |
Match timeline
| 4:25 | mil0 · first_building Barracks |
| 6:03 | Mataku · wall_segment Palisade Wall x8 |
| 6:10 | Mataku · wall_segment Palisade Wall x13 |
| 7:46 | Mataku · wall_segment Palisade Wall x8 |
| 8:05 | Mataku · wall_segment Palisade Wall x1 |
| 8:50 | Mataku · wall_segment Palisade Wall x4 |
| 9:17 | Mataku · age_up feudal |
| 9:26 | mil0 · wall_segment Palisade Wall x16 |
| 9:39 | mil0 · wall_segment Palisade Wall x11 |
| 9:42 | Mataku · wall_segment Palisade Wall x1 |
| 9:45 | Mataku · wall_segment Palisade Wall x2 |
| 9:47 | Mataku · wall_segment Palisade Wall x1 |
| 9:50 | Mataku · first_building Barracks |
| 9:53 | mil0 · wall_segment Palisade Wall x22 |
| 11:02 | mil0 · age_up feudal |
| 11:03 | Mataku · first_building Archery Range |
| 11:09 | mil0 · first_building Archery Range |
| 11:11 | mil0 · wall_segment Palisade Wall x1 |
| 11:17 | Mataku · wall_segment Palisade Wall x4 |
| 11:44 | Mataku · wall_segment Palisade Wall x7 |
| 12:06 | mil0 · wall_segment Palisade Wall x1 |
| 12:11 | mil0 · wall_segment Palisade Wall x1 |
| 13:14 | mil0 · first_market_sell 100 stone |
| 13:16 | mil0 · first_market_buy 100 food |
| 15:07 | Mataku · first_market_sell 100 stone |
| 15:08 | Mataku · first_market_buy 100 food |
| 15:56 | mil0 · wall_segment Palisade Wall x1 |
| 16:56 | mil0 · wall_segment Palisade Wall x1 |
| 18:44 | mil0 · age_up castle |
| 19:07 | Mataku · wall_segment Palisade Wall x1 |
| 20:33 | Mataku · age_up castle |
| 21:30 | mil0 · first_building Siege Workshop |
| 25:41 | Mataku · first_building Siege Workshop |
| 28:17 | Mataku · first_building Castle |
| 30:54 | mil0 · resign |
[ AI ANALYSIS · 1 CREDIT ]
What really happened in this match?
Wolo.gg analyzes every decision: build order, eco, micro, common mistakes by bracket. Personalized analysis on WhatsApp or Discord in 30 seconds.
Civ guide
Maya
Perfil
Jugador #4546796